[Event "Wuerttemberg Rapid Teams 2024"]
[Site "B?blingen, Germany"]
[Date "2024.04.13"]
[Round "4.38"]
[White "Foksha, Alexander"]
[Black "Lessmeister, Patrick"]
[Result "0-1"]
[ECO "A48"]
[WhiteElo "1924"]
[BlackElo "1834"]
[Annotator "TA"]
[PlyCount "78"]
[EventDate "2024.04.13"]
[EventType "team-tourn"]
[SourceTitle "playchess.com"]
[Source "ChessBase"]
[SourceQuality "1"]
[TimeControl "900+5"]

1. d4 Nf6 2. Nf3 c5 3. e3 b6 4. Bd3 g6 5. b3 Bg7 6. Bb2 O-O 7. O-O Bb7 8. Nbd2 d5 9. Qe2 Nbd7 10. c4 {[%emt 0:00:11] The position is equal.} Ne4 (10... Rc8 $11 {is more appropriate.}) 11. Rfd1 (11. cxd5 $14 Nxd2 12. Qxd2) 11... e6 12. Rac1 Qe7 13. Rc2 Rac8 14. Rdc1 Rfd8 15. Ne5 (15. cxd5 $11 {keeps the balance.} exd5 16. Ba3) 15... Nxe5 (15... Nxd2 $17 16. cxd5 Nxb3 17. axb3 Nxe5 (17... Bxd5 18. Nxd7 Rxd7 19. b4 $11) 18. dxe5 Bxd5) 16. dxe5 $11 Nxd2 17. Rxd2 Qg5 {[%emt 0:01:42] [#] Threatens to win with ...dxc4.} 18. f4 Qe7 19. Rcd1 Rd7 20. cxd5 exd5 21. Bb5 Rdd8 22. a3 f6 23. exf6 Bxf6 24. Bxf6 Qxf6 25. Ba6 Bxa6 26. Qxa6 Qe7 27. Qe2 Qe6 28. Qf3 Re8 29. Kf2 c4 30. b4 c3 31. Rxd5 (31. Rc2 $16) 31... c2 32. Rc1 Rc3 33. Rd2 $2 {[%emt 0:00:21][%mdl 8192] White does not recover from this.} (33. Re5 $16 Qf7 34. Rxe8+ Qxe8 35. Qd5+ Qf7 36. Qxf7+ Kxf7 37. Ke2) 33... Rxe3 $19 {[%emt 0:00:59] Black is clearly winning.} 34. Qd5 Qxd5 ({Weaker is} 34... Rxa3 35. Rcxc2 Qxd5 36. Rxd5 $17) 35. Rxd5 Re2+ ({Worse is} 35... Rxa3 36. Rxc2 Re7 37. g3 $11) 36. Kf1 {[%emt 0:00:02] [#]} Re1+ $3 37. Rxe1 Rxe1+ 38. Kxe1 c1=Q+ (38... c1=R+ 39. Ke2 Rc7 40. Rd8+ Kf7 41. Kd3 $16) 39. Rd1 Qc3+ {[%emt 0:00:01] Weighted Error Value: White=0.41/Black=0.17 (very precise) .  Loses game:     	White=1     	---        Mistake:       	White=3     	Black=2      Inaccurate:     	White=1     	Black=4      OK:         	White=9     	Black=6      Best:        	---       	Black=2} 0-1

[Event "Wuerttemberg Rapid Teams 2024"]
[Site "B?blingen, Germany"]
[Date "2024.04.13"]
[Round "4.39"]
[White "Mi Plaza, Luis Leo Manuel"]
[Black "Hadziselimovic, Adnan"]
[Result "0-1"]
[ECO "A38"]
[WhiteElo "1413"]
[BlackElo "2053"]
[Annotator "NA RC"]
[PlyCount "118"]
[EventDate "2024.04.13"]
[EventType "team-tourn"]
[SourceTitle "playchess.com"]
[Source "ChessBase"]
[SourceQuality "1"]
[TimeControl "900+5"]

1. c4 c5 2. Nc3 g6 3. Nf3 Bg7 4. d4 cxd4 5. Nxd4 Nc6 6. e3 Nf6 7. g3 O-O 8. Bg2 Qc7 9. Nd5 Nxd5 10. Bxd5 d6 11. Bg2 Nxd4 12. exd4 Qxc4 13. Be3 Be6 14. a3 Qb5 15. b4 Bc4 16. Qd2 d5 17. Bh6 a5 18. Bxg7 Kxg7 19. Rb1 Qb6 20. Bf1 Qe6+ 21. Qe3 Qf5 22. Rb2 axb4 23. Rxb4 b5 24. Bxc4 dxc4 25. O-O e6 26. Qe5+ Qxe5 27. dxe5 Rxa3 28. Rxb5 Rc8 29. Rc1 c3 30. Rbb1 c2 31. Rb2 Rac3 32. Kf1 Kh6 33. Ke2 Kg5 34. h3 Kf5 35. Kd2 Kxe5 36. Rbxc2 Rxc2+ 37. Rxc2 Rxc2+ 38. Kxc2 Ke4 39. Kd1 Kf3 40. Ke1 f5 41. Kf1 e5 42. Ke1 g5 43. Kf1 h5 44. Ke1 Kg2 45. h4 gxh4 46. gxh4 f4 47. Ke2 e4 48. Ke1 f3 49. Kd1 Kxf2 50. Kd2 e3+ 51. Kd1 e2+ 52. Kc2 e1=Q 53. Kd3 Kg3 54. Kd4 f2 55. Kd3 f1=Q+ 56. Kd4 Qd2+ 57. Kc5 Qfc1+ 58. Kb5 Qdb2+ 59. Ka4 Qca1# 0-1

[Event "Wuerttemberg Rapid Teams 2024"]
[Site "B?blingen, Germany"]
[Date "2024.04.13"]
[Round "5.1"]
[White "Koelle, Tobias"]
[Black "Oberst, Thomas"]
[Result "1/2-1/2"]
[ECO "A21"]
[WhiteElo "2467"]
[BlackElo "2227"]
[Annotator "RC"]
[PlyCount "116"]
[EventDate "2024.04.13"]
[EventType "team-tourn"]
[SourceTitle "playchess.com"]
[Source "ChessBase"]
[SourceQuality "1"]
[TimeControl "900+5"]

1. c4 e5 2. Nc3 Bb4 3. Na4 Nf6 4. a3 Be7 5. d3 O-O 6. Nf3 c6 7. e4 d5 8. Qc2 dxe4 9. dxe4 Qc7 10. Be2 Bg4 11. O-O Nbd7 12. b4 Rfd8 13. Bb2 Bxf3 14. Bxf3 Nf8 15. Qc3 Rd4 16. Qc2 Rd7 17. Rfd1 Rad8 18. Rxd7 Rxd7 19. Rd1 Rxd1+ 20. Qxd1 Ne6 21. c5 Ng5 22. Nc3 b6 23. cxb6 axb6 24. Qd3 b5 25. Bd1 Ne6 26. Ne2 h6 27. Bb3 Nf8 28. Ng3 g6 29. Qc3 Bd6 30. h3 N8d7 31. a4 bxa4 32. Bxa4 c5 33. Bxd7 Nxd7 34. bxc5 Bxc5 35. Kh2 Qb6 36. f4 Nf8 37. Qxe5 f6 38. Qxf6 Bg1+ 39. Kh1 Qxf6 40. Bxf6 Be3 41. Ne2 Ne6 42. g3 Kf7 43. Bb2 Nc5 44. e5 Nd3 45. Bc3 Ke6 46. Kg2 g5 47. Kf3 Bb6 48. Nd4+ Kd5 49. Nf5 gxf4 50. gxf4 h5 51. Ng7 h4 52. Nf5 Nf2 53. Nxh4 Nxh3 54. Nf5 Ng1+ 55. Kg4 Ne2 56. Bd2 Bc7 57. Ng3 Nxf4 58. Bxf4 Bxe5 1/2-1/2

[Event "Wuerttemberg Rapid Teams 2024"]
[Site "B?blingen, Germany"]
[Date "2024.04.13"]
[Round "5.2"]
[White "Deuer, Marius"]
[Black "Namyslo, Holger"]
[Result "1/2-1/2"]
[ECO "B14"]
[WhiteElo "2439"]
[BlackElo "2125"]
[Annotator "RC"]
[PlyCount "44"]
[EventDate "2024.04.13"]
[EventType "team-tourn"]
[SourceTitle "playchess.com"]
[Source "ChessBase"]
[SourceQuality "1"]
[TimeControl "900+5"]

1. d4 d5 2. c4 e6 3. Nc3 c5 4. e3 Nf6 5. Nf3 Nc6 6. a3 cxd4 7. exd4 Be7 8. c5 O-O 9. Bb5 Ne4 10. Qc2 f5 11. Bxc6 bxc6 12. Ne5 Qe8 13. f3 Nxc3 14. Qxc3 Bf6 15. Nd3 a5 16. O-O Ba6 17. Re1 Bxd3 18. Qxd3 Qd7 19. Bf4 Rfe8 20. Re2 Qb7 21. Rae1 Kf7 22. b3 Qb5 1/2-1/2

[Event "Wuerttemberg Rapid Teams 2024"]
[Site "B?blingen, Germany"]
[Date "2024.04.13"]
[Round "5.3"]
[White "Kocharin, Timur"]
[Black "Schulze, Andreas"]
[Result "0-1"]
[ECO "D02"]
[WhiteElo "2250"]
[BlackElo "2080"]
[Annotator "RC"]
[PlyCount "126"]
[EventDate "2024.04.13"]
[EventType "team-tourn"]
[SourceTitle "playchess.com"]
[Source "ChessBase"]
[SourceQuality "1"]
[TimeControl "900+5"]

1. d4 Nf6 2. Bf4 d5 3. e3 c5 4. c3 Nc6 5. Nf3 e6 6. Bd3 Be7 7. Nbd2 Nh5 8. Bg3 Nxg3 9. hxg3 h6 10. Qe2 Qc7 11. dxc5 Bxc5 12. e4 dxe4 13. Nxe4 Be7 14. O-O-O Bd7 15. Kb1 O-O-O 16. g4 g6 17. Qe3 f5 18. gxf5 exf5 19. Ned2 g5 20. Nc4 g4 21. Nd4 Bg5 22. Qe2 Nxd4 23. cxd4 Kb8 24. Ne5 Rhe8 25. Qc2 Qxc2+ 26. Bxc2 Be6 27. Rhe1 Bc8 28. Ba4 Re7 29. Bb3 Bf6 30. f4 gxf3 31. gxf3 Bxe5 32. dxe5 Rxd1+ 33. Bxd1 f4 34. Bc2 h5 35. Re4 h4 36. Rxf4 h3 37. Rh4 Rxe5 38. Be4 Rg5 39. Rh8 Kc7 40. Kc2 Rg2+ 41. Kc3 h2 42. a3 b6 43. b3 Be6 44. Rh6 Kd7 45. Rh7+ Kd6 46. Rh5 a5 47. a4 Rf2 48. Bb7 Bf7 49. Rh4 Bg6 50. Rh6 Ke7 51. f4 Kf7 52. f5 Bxf5 53. Rxb6 Rc2+ 54. Kd4 Be6 55. Be4 Rb2 56. b4 axb4 57. a5 b3 58. a6 Ra2 59. Rb7+ Kf6 60. a7 Ra4+ 61. Kd3 Bf5 62. Rb6+ Ke7 63. Rb7+ Kd6 0-1

[Event "Wuerttemberg Rapid Teams 2024"]
[Site "B?blingen, Germany"]
[Date "2024.04.13"]
[Round "5.4"]
[White "Junesch, Gerhard"]
[Black "Birkenmaier, Rainer"]
[Result "1-0"]
[ECO "E90"]
[WhiteElo "2267"]
[BlackElo "2111"]
[Annotator "RC"]
[PlyCount "158"]
[EventDate "2024.04.13"]
[EventType "team-tourn"]
[SourceTitle "playchess.com"]
[Source "ChessBase"]
[SourceQuality "1"]
[TimeControl "900+5"]

1. d4 g6 2. c4 Bg7 3. e4 c5 4. d5 d6 5. Bd3 Nf6 6. Nc3 O-O 7. h3 Nbd7 8. Nf3 a6 9. O-O Ne8 10. Re1 Ne5 11. Nxe5 Bxe5 12. Bh6 Ng7 13. Qd2 Bd7 14. f4 Bd4+ 15. Kh2 e5 16. f5 f6 17. g4 Rf7 18. Ne2 b5 19. Rac1 b4 20. Rcd1 a5 21. Rf1 Qe7 22. Rf3 gxf5 23. gxf5 Kh8 24. Ng3 Rg8 25. Re1 Qe8 26. Rff1 Re7 27. Be2 Qf7 28. Bg4 Be8 29. Qe2 Ra7 30. Rd1 Qd7 31. Qc2 a4 32. Qe2 a3 33. b3 Bf7 34. Qf3 Qe8 35. Rd2 Rb7 36. Rg2 Qe7 37. Rd1 Rbb8 38. Rd3 Ra8 39. Qd1 Rac8 40. Rdd2 Rb8 41. Rc2 Rbc8 42. Qf3 Rb8 43. Rcd2 Rbc8 44. Rd3 Rc7 45. Qd1 Be8 46. Qe2 Bf7 47. Bf3 Qe8 48. Rd1 Rb7 49. Rc1 Rc7 50. Rc2 Rb7 51. Bc1 Qf8 52. Bh6 Qe8 53. Qd1 Ra7 54. Kh1 Rb7 55. Kh2 Ra7 56. Nf1 Re7 57. Rg3 Qd7 58. Rcg2 Ne8 59. Rxg8+ Bxg8 60. Bh5 Ng7 61. Qg4 Qc7 62. Be8 Qb7 63. Bh5 Qd7 64. Nd2 Qc7 65. Nf3 Qd7 66. Be8 Qc7 67. Bh5 Qd7 68. Nh4 Bc3 69. Nf3 Bd4 70. Nd2 Bc3 71. Nf1 Bd4 72. Kh1 Qc7 73. Kh2 Qd7 74. Ng3 Bc3 75. Ne2 Bd4 76. Be8 Qc7 77. Bc6 Rf7 78. Ng3 Qd8 79. Nh5 Qc7 1-0

[Event "Wuerttemberg Rapid Teams 2024"]
[Site "B?blingen, Germany"]
[Date "2024.04.13"]
[Round "5.5"]
[White "Zuferi, Enis"]
[Black "Kuklin, Valentin"]
[Result "0-1"]
[ECO "A67"]
[WhiteElo "2406"]
[BlackElo "2367"]
[Annotator "RC"]
[PlyCount "64"]
[EventDate "2024.04.13"]
[EventType "team-tourn"]
[SourceTitle "playchess.com"]
[Source "ChessBase"]
[SourceQuality "1"]
[TimeControl "900+5"]

1. d4 Nf6 2. c4 c5 3. d5 e6 4. Nc3 exd5 5. cxd5 d6 6. e4 g6 7. f4 Bg7 8. Bb5+ Nfd7 9. Be2 Qh4+ 10. g3 Qd8 11. Nf3 O-O 12. O-O Nb6 13. a4 Bg4 14. a5 N6d7 15. Qb3 Na6 16. Kg2 Nb4 17. h3 Bxf3+ 18. Bxf3 Re8 19. Bd2 Qb8 20. Rae1 b5 21. e5 dxe5 22. Ne4 Na6 23. Ng5 c4 24. Qe3 h6 25. Nxf7 Kxf7 26. d6 Kg8 27. Bd5+ Kh8 28. Qf3 Qxd6 29. Bc3 Rad8 30. Rd1 b4 31. Be1 Nf6 32. fxe5 Rxe5 0-1

[Event "Wuerttemberg Rapid Teams 2024"]
[Site "B?blingen, Germany"]
[Date "2024.04.13"]
[Round "5.6"]
[White "Vujic, Branimir"]
[Black "Huber, Philipp"]
[Result "1-0"]
[ECO "B07"]
[WhiteElo "2218"]
[BlackElo "2306"]
[Annotator "RC"]
[PlyCount "73"]
[EventDate "2024.04.13"]
[EventType "team-tourn"]
[SourceTitle "playchess.com"]
[Source "ChessBase"]
[SourceQuality "1"]
[TimeControl "900+5"]

1. d4 Nf6 2. Bf4 d6 3. Nc3 c6 4. e4 Qa5 5. Qd2 e5 6. Be3 Ng4 7. Nce2 Qc7 8. Bg5 Be7 9. f3 Nf6 10. c3 O-O 11. Ng3 Na6 12. Bxa6 bxa6 13. N1e2 Rb8 14. O-O Re8 15. Rfd1 a5 16. b3 a4 17. b4 g6 18. Qc2 Bd7 19. Be3 c5 20. bxc5 dxc5 21. dxe5 Qxe5 22. Bf4 Qe6 23. Bxb8 Rxb8 24. Nf4 Qc6 25. Nd5 Bd8 26. c4 Ne8 27. Rab1 Rc8 28. Qc3 h5 29. Ne2 Nc7 30. Nef4 Ne6 31. Nf6+ Bxf6 32. Qxf6 Nxf4 33. Qxf4 Be6 34. Qf6 Qc7 35. Rd2 Bxc4 36. Rbd1 Bb5 37. Rd8+ 1-0

[Event "Wuerttemberg Rapid Teams 2024"]
[Site "B?blingen, Germany"]
[Date "2024.04.13"]
[Round "5.7"]
[White "Degenhard, Simon"]
[Black "Schuh, Karsten"]
[Result "0-1"]
[ECO "B47"]
[WhiteElo "2204"]
[BlackElo "2133"]
[Annotator "RC"]
[PlyCount "76"]
[EventDate "2024.04.13"]
[EventType "team-tourn"]
[SourceTitle "playchess.com"]
[Source "ChessBase"]
[SourceQuality "1"]
[TimeControl "900+5"]

1. e4 c5 2. Nf3 Nc6 3. d4 cxd4 4. Nxd4 Qc7 5. Nc3 e6 6. g3 a6 7. Bg2 Nf6 8. O-O Nxd4 9. Qxd4 Bc5 10. Bf4 d6 11. Qd2 h6 12. Rad1 e5 13. Be3 Be6 14. Bxc5 dxc5 15. Nd5 Bxd5 16. exd5 Qd6 17. f4 O-O 18. c4 exf4 19. Rxf4 b5 20. Rdf1 Nd7 21. b3 Ne5 22. Re1 bxc4 23. bxc4 Rab8 24. Rfe4 f6 25. Qc3 Rb4 26. Bh3 Rfb8 27. Be6+ Kh8 28. Kg2 Rb2+ 29. R1e2 Rxe2+ 30. Rxe2 Rb4 31. Re4 Qb6 32. Kh3 Rb2 33. Bf5 Rf2 34. Rxe5 fxe5 35. Qxe5 Qd8 36. g4 Rxa2 37. Qe6 Qb8 38. d6 Qb3+ 0-1

[Event "Wuerttemberg Rapid Teams 2024"]
[Site "B?blingen, Germany"]
[Date "2024.04.13"]
[Round "5.8"]
[White "Schuh, Bernd-Martin"]
[Black "Tschlatscher, Thomas"]
[Result "0-1"]
[ECO "E21"]
[WhiteElo "1976"]
[BlackElo "2217"]
[Annotator "RC"]
[PlyCount "90"]
[EventDate "2024.04.13"]
[EventType "team-tourn"]
[SourceTitle "playchess.com"]
[Source "ChessBase"]
[SourceQuality "1"]
[TimeControl "900+5"]

1. d4 Nf6 2. c4 e6 3. Nc3 Bb4 4. Bd2 d6 5. e3 O-O 6. Nf3 b6 7. a3 Bxc3 8. Bxc3 Bb7 9. Be2 Nbd7 10. O-O Qe7 11. Rc1 Ne4 12. b4 Nxc3 13. Rxc3 a5 14. Qc2 axb4 15. axb4 Ra7 16. c5 bxc5 17. bxc5 dxc5 18. dxc5 Bxf3 19. Bxf3 Ra5 20. c6 Ne5 21. Be2 Rfa8 22. f4 Ng6 23. Rd1 Ra2 24. Qd3 Nh4 25. g3 Nf5 26. Bf3 g6 27. e4 Nd6 28. e5 Nf5 29. Be4 Kg7 30. Bxf5 gxf5 31. Rc2 Qb4 32. Kg2 R2a3 33. Qc4 Qb6 34. Kh3 Qe3 35. Rd7 Qf3 36. Qd4 Qg4+ 37. Kg2 Qf3+ 38. Kh3 Qg4+ 39. Kg2 Ra1 40. Rf2 Rc1 41. Qd2 Raa1 42. Rxf7+ Kxf7 43. Qd7+ Kg6 44. Qxe6+ Kh5 45. Qf7+ Qg6 0-1

[Event "Wuerttemberg Rapid Teams 2024"]
[Site "B?blingen, Germany"]
[Date "2024.04.13"]
[Round "5.9"]
[White "Kabisch, Thilo"]
[Black "Gabriel, Robert"]
[Result "1-0"]
[ECO "B13"]
[WhiteElo "2228"]
[BlackElo "2161"]
[Annotator "RC"]
[PlyCount "127"]
[EventDate "2024.04.13"]
[EventType "team-tourn"]
[SourceTitle "playchess.com"]
[Source "ChessBase"]
[SourceQuality "1"]
[TimeControl "900+5"]

1. e4 c6 2. d4 d5 3. exd5 cxd5 4. c4 Nf6 5. Nc3 Nc6 6. Bf4 a6 7. c5 g6 8. Na4 Bg7 9. Nb6 Nh5 10. Be3 Rb8 11. Be2 Qc7 12. Bf3 Nf6 13. Ne2 Bg4 14. Bxg4 Nxg4 15. Nxd5 Qa5+ 16. Bd2 Qd8 17. Ne3 Nxe3 18. Bxe3 e6 19. O-O O-O 20. a3 Ne7 21. Bf4 Rc8 22. Rc1 Nd5 23. Bd6 Re8 24. b4 Qd7 25. Nc3 Nxc3 26. Rxc3 b5 27. Rd3 h5 28. h3 Qb7 29. d5 exd5 30. Rxd5 Rcd8 31. Qf3 Qc8 32. Rfd1 Re6 33. Bg3 Rxd5 34. Qxd5 Bb2 35. Qd8+ Re8 36. Qxc8 Rxc8 37. Rd3 Rc6 38. Bf4 f6 39. Rb3 Bd4 40. Bd6 Kf7 41. Kf1 Ke6 42. h4 Rc8 43. Rg3 Kf5 44. Rd3 Bb2 45. f3 g5 46. hxg5 fxg5 47. Rd5+ Kg6 48. Rd3 g4 49. Kf2 gxf3 50. gxf3 h4 51. Bh2 a5 52. Rd6+ Kf5 53. Rb6 axb4 54. axb4 Bd4+ 55. Kg2 Rg8+ 56. Kh3 Be5 57. Rxb5 Bxh2 58. Kxh2 Kf4 59. c6 Rc8 60. Rc5 Kxf3 61. b5 Ra8 62. Rc3+ Kg4 63. c7 Ra2+ 64. Kg1 1-0

[Event "Wuerttemberg Rapid Teams 2024"]
[Site "B?blingen, Germany"]
[Date "2024.04.13"]
[Round "5.10"]
[White "Gabriel, Josef"]
[Black "Trachtmann, Mark"]
[Result "0-1"]
[ECO "D85"]
[WhiteElo "1997"]
[BlackElo "2203"]
[Annotator "RC"]
[PlyCount "120"]
[EventDate "2024.04.13"]
[EventType "team-tourn"]
[SourceTitle "playchess.com"]
[Source "ChessBase"]
[SourceQuality "1"]
[TimeControl "900+5"]

1. d4 Nf6 2. c4 g6 3. Nc3 d5 4. cxd5 Nxd5 5. e4 Nxc3 6. bxc3 Bg7 7. Nf3 c5 8. Be2 Nc6 9. Be3 Bg4 10. e5 O-O 11. O-O Rc8 12. Rb1 cxd4 13. cxd4 Qd7 14. h3 Be6 15. a3 Rfd8 16. Bb5 a6 17. Bxc6 Rxc6 18. Ng5 Bd5 19. Qg4 Qxg4 20. hxg4 h6 21. Nh3 Rc3 22. Nf4 Bc6 23. Ra1 e6 24. Rfc1 Rxc1+ 25. Rxc1 Bf8 26. Rc3 Kh7 27. Nd3 g5 28. Nc5 Bd5 29. Na4 Kg6 30. Nb6 Bc6 31. Kh2 h5 32. gxh5+ Kxh5 33. Kg3 Kg6 34. f3 Be7 35. Nc4 f5 36. exf6 Bxf6 37. Ne5+ Bxe5+ 38. dxe5 Rd5 39. Rc5 Rd3 40. Bc1 Kf5 41. Kf2 g4 42. fxg4+ Kxg4 43. Rc2 Kf5 44. Bb2 Rb3 45. Rd2 Bd5 46. Kg1 b5 47. Rf2+ Kg4 48. Kh2 a5 49. Bc1 Rc3 50. Bb2 Rc7 51. Bd4 Rh7+ 52. Kg1 b4 53. axb4 axb4 54. Rf8 Rc7 55. Kh2 Rc2 56. Rg8+ Kf5 57. Kh3 b3 58. g3 Rc1 59. Rf8+ Ke4 60. Rf4+ Kd3 0-1

[Event "Wuerttemberg Rapid Teams 2024"]
[Site "B?blingen, Germany"]
[Date "2024.04.13"]
[Round "5.11"]
[White "Krockenberger, Martin"]
[Black "Aksenov, Pavel"]
[Result "1-0"]
[ECO "D07"]
[WhiteElo "2125"]
[BlackElo "2045"]
[Annotator "RC"]
[PlyCount "123"]
[EventDate "2024.04.13"]
[EventType "team-tourn"]
[SourceTitle "playchess.com"]
[Source "ChessBase"]
[SourceQuality "1"]
[TimeControl "900+5"]

1. d4 d5 2. c4 Nc6 3. Nc3 dxc4 4. Nf3 Nf6 5. d5 Na5 6. Qa4+ c6 7. b4 b5 8. Qxa5 Qxa5 9. bxa5 b4 10. Nd1 cxd5 11. Be3 e6 12. g3 Ng4 13. Bd4 f6 14. h3 Nh6 15. Bg2 Nf5 16. O-O Bb7 17. a3 e5 18. Bxe5 fxe5 19. Nxe5 Rb8 20. e4 dxe4 21. axb4 Bxb4 22. Rb1 Bxa5 23. Bxe4 Nd6 24. Bxb7 Rxb7 25. Rxb7 Nxb7 26. Nxc4 Kd7 27. Nde3 Kc6 28. Ne5+ Kb5 29. Rb1+ Bb4 30. Nd5 a5 31. Nd3 Rd8 32. N3xb4 axb4 33. Nxb4 Kc4 34. Nc2 Nc5 35. Ne3+ Kd4 36. Rd1+ Nd3 37. Nf5+ Kc3 38. Nxg7 Kc2 39. Ra1 Rd7 40. Nf5 Rf7 41. g4 h5 42. Ra6 hxg4 43. hxg4 Nf4 44. Rd6 Rh7 45. Rh6 Rd7 46. Kh2 Rd2 47. Kg3 Nd3 48. Rc6+ Kd1 49. Ne3+ Ke2 50. Rf6 Ke1 51. Ng2+ Kf1 52. Ne3+ Ke1 53. f4 Re2 54. Nd5 Kf1 55. g5 Rg2+ 56. Kh4 Rh2+ 57. Kg4 Kf2 58. g6 Rg2+ 59. Kf5 Kf3 60. Re6 Rg1 61. Re3+ Kf2 62. Rxd3 1-0

[Event "Wuerttemberg Rapid Teams 2024"]
[Site "B?blingen, Germany"]
[Date "2024.04.13"]
[Round "5.12"]
[White "Siegle, Florian"]
[Black "Eisele, Steffen"]
[Result "1-0"]
[ECO "C18"]
[WhiteElo "1912"]
[BlackElo "2230"]
[Annotator "RC"]
[PlyCount "49"]
[EventDate "2024.04.13"]
[EventType "team-tourn"]
[SourceTitle "playchess.com"]
[Source "ChessBase"]
[SourceQuality "1"]
[TimeControl "900+5"]

1. e4 e6 2. d4 d5 3. Nc3 Bb4 4. e5 c5 5. a3 Bxc3+ 6. bxc3 Qc7 7. a4 b6 8. Bb5+ Bd7 9. Ne2 Bxb5 10. axb5 a5 11. bxa6 Rxa6 12. Ba3 Nd7 13. O-O Ne7 14. Qd3 Ra8 15. f4 O-O 16. Ng3 g6 17. Bb2 Nc6 18. c4 Nb4 19. Qb3 dxc4 20. Qxc4 Nd5 21. Qe2 Rxa1 22. Bxa1 Ra8 23. c4 Rxa1 24. Rxa1 Nxf4 25. Qf3 1-0

[Event "Wuerttemberg Rapid Teams 2024"]
[Site "B?blingen, Germany"]
[Date "2024.04.13"]
[Round "5.13"]
[White "Fischer, Andre"]
[Black "Kerpe, Andreas"]
[Result "0-1"]
[ECO "A87"]
[WhiteElo "2248"]
[BlackElo "2146"]
[Annotator "RC"]
[PlyCount "70"]
[EventDate "2024.04.13"]
[EventType "team-tourn"]
[SourceTitle "playchess.com"]
[Source "ChessBase"]
[SourceQuality "1"]
[TimeControl "900+5"]

1. Nf3 f5 2. c4 Nf6 3. g3 d6 4. d4 g6 5. Bg2 Bg7 6. O-O O-O 7. Nc3 e6 8. Qc2 Nc6 9. b3 e5 10. dxe5 dxe5 11. Ba3 Re8 12. Rad1 Bd7 13. Nd5 Qc8 14. Nxf6+ Bxf6 15. Bb2 Be6 16. Bc3 Bf7 17. Qb2 Qe6 18. e4 Kg7 19. Bh3 Rad8 20. Rd5 Qe7 21. Rxd8 Rxd8 22. exf5 e4 23. Re1 Rd3 24. Bxf6+ Qxf6 25. Qxf6+ Kxf6 26. fxg6 Bxg6 27. Nh4 Nd4 28. Re3 Rd1+ 29. Kg2 Nc2 30. Re2 Ne1+ 31. Rxe1 Rxe1 32. Nxg6 hxg6 33. Bc8 b6 34. Bb7 Ke5 35. h4 Ra1 0-1

[Event "Wuerttemberg Rapid Teams 2024"]
[Site "B?blingen, Germany"]
[Date "2024.04.13"]
[Round "5.14"]
[White "Vaysberg, Alexander"]
[Black "Weiss, Oliver"]
[Result "1/2-1/2"]
[ECO "C18"]
[WhiteElo "2152"]
[BlackElo "2220"]
[Annotator "RC"]
[PlyCount "96"]
[EventDate "2024.04.13"]
[EventType "team-tourn"]
[SourceTitle "playchess.com"]
[Source "ChessBase"]
[SourceQuality "1"]
[TimeControl "900+5"]

1. e4 e6 2. d4 d5 3. Nc3 Bb4 4. e5 c5 5. a3 Bxc3+ 6. bxc3 Nc6 7. Qg4 g6 8. h4 Qa5 9. Bd2 Qa4 10. Rh3 h6 11. h5 g5 12. f4 f5 13. exf6 Nxf6 14. Qe2 g4 15. Re3 Bd7 16. f5 cxd4 17. Rxe6+ Kf7 18. Rxf6+ Kxf6 19. Qxg4 Rae8+ 20. Kd1 Bxf5 21. Qh4+ Kg7 22. Rc1 Rhf8 23. Nf3 Re4 24. Qg3+ Kh7 25. Bd3 Re6 26. Qc7+ Re7 27. Qf4 Bxd3 28. Qxh6+ Kg8 29. Qg5+ Rg7 30. Qxd5+ Kh8 31. h6 Rxg2 32. Nxd4 Rg1+ 33. Be1 Nxd4 34. Qe5+ Kh7 35. Qe7+ Kg6 36. Qxf8 Bxc2+ 37. Kd2 Rg2+ 38. Bf2 Nb3+ 39. Kxc2 Nxc1+ 40. Kxc1 Rxf2 41. Qxf2 Kxh6 42. Qe3+ Kg6 43. Qg3+ Kf5 44. Qf3+ Ke5 45. Qxb7 Qxa3+ 46. Kc2 Qa2+ 47. Kd3 Qd5+ 48. Qxd5+ Kxd5 1/2-1/2

[Event "Wuerttemberg Rapid Teams 2024"]
[Site "B?blingen, Germany"]
[Date "2024.04.13"]
[Round "5.15"]
[White "Wunder, Niklas"]
[Black "Jerie, Sven"]
[Result "1-0"]
[ECO "C55"]
[WhiteElo "2071"]
[BlackElo "2018"]
[Annotator "NA RC"]
[PlyCount "101"]
[EventDate "2024.04.13"]
[EventType "team-tourn"]
[SourceTitle "playchess.com"]
[Source "ChessBase"]
[SourceQuality "1"]
[TimeControl "900+5"]

1. e4 e5 2. Nf3 Nc6 3. Bc4 Nf6 4. d3 Be7 5. O-O O-O 6. Nc3 d6 7. a4 Na5 8. Ba2 c5 9. Bg5 Be6 10. Bxf6 Bxf6 11. Nd5 Nc6 12. c3 Rb8 13. h3 Re8 14. Qd2 h6 15. Kh2 b6 16. Rac1 a6 17. b4 b5 18. a5 Be7 19. d4 c4 20. Nxe7+ Nxe7 21. dxe5 dxe5 22. Qxd8 Rbxd8 23. Nxe5 Rd2 24. Bb1 f5 25. Nf3 Rd6 26. Rcd1 Red8 27. Rxd6 Rxd6 28. Nd4 fxe4 29. Bxe4 Bd5 30. f3 Bxe4 31. fxe4 Nc6 32. Nxc6 Rxc6 33. Rd1 Re6 34. Rd4 Rf6 35. e5 Rf2 36. Rd6 Rc2 37. Rxa6 Rxc3 38. Rb6 Rb3 39. Rxb5 c3 40. a6 c2 41. a7 Ra3 42. Ra5 Rxa5 43. bxa5 c1=Q 44. a8=Q+ Kf7 45. Qd5+ Kf8 46. Qd6+ Kg8 47. e6 Qe3 48. a6 Kh7 49. e7 h5 50. a7 Qe4 51. Qb8 1-0

[Event "Wuerttemberg Rapid Teams 2024"]
[Site "B?blingen, Germany"]
[Date "2024.04.13"]
[Round "5.16"]
[White "Schaffert, Walter"]
[Black "Sokratov, Stanislav"]
[Result "0-1"]
[ECO "B14"]
[WhiteElo "2033"]
[BlackElo "2146"]
[Annotator "RC"]
[PlyCount "96"]
[EventDate "2024.04.13"]
[EventType "team-tourn"]
[SourceTitle "playchess.com"]
[Source "ChessBase"]
[SourceQuality "1"]
[TimeControl "900+5"]

1. e4 c6 2. d4 d5 3. exd5 cxd5 4. c4 Nf6 5. Nc3 e6 6. Nf3 Bb4 7. cxd5 Nxd5 8. Bd2 b6 9. a3 Nxc3 10. bxc3 Bd6 11. Bd3 Bb7 12. Qe2 Nd7 13. a4 a6 14. Rb1 Qc7 15. Be4 Bxe4 16. Qxe4 O-O 17. O-O Rfc8 18. Rfc1 Qc4 19. Ng5 Nf6 20. Qb7 Bc7 21. Qf3 h6 22. Nh3 Qxa4 23. Bxh6 Qc4 24. Bg5 Nd5 25. Bh4 b5 26. Ng5 Nf6 27. Nh3 Qd5 28. Qd3 Qe4 29. Qxe4 Nxe4 30. f3 Nd2 31. Rb2 Nc4 32. Ra2 a5 33. Rb1 Rcb8 34. Nf2 a4 35. Bg3 Bxg3 36. hxg3 Ne3 37. Nd3 Nd5 38. Rc1 Rb6 39. Nc5 Rc8 40. c4 bxc4 41. Rxc4 e5 42. Nd7 Rxc4 43. Nxb6 Nxb6 44. dxe5 g5 45. Rb2 Nd5 46. Rd2 Nc3 47. Rc2 a3 48. Kf2 a2 0-1

[Event "Wuerttemberg Rapid Teams 2024"]
[Site "B?blingen, Germany"]
[Date "2024.04.13"]
[Round "5.17"]
[White "Peng, Xiang-Tobias"]
[Black "Li, Yunqi"]
[Result "0-1"]
[ECO "E38"]
[WhiteElo "2187"]
[BlackElo "1940"]
[Annotator "RC"]
[PlyCount "84"]
[EventDate "2024.04.13"]
[EventType "team-tourn"]
[SourceTitle "playchess.com"]
[Source "ChessBase"]
[SourceQuality "1"]
[TimeControl "900+5"]

1. d4 Nf6 2. c4 e6 3. Nc3 Bb4 4. Qc2 c5 5. e3 Nc6 6. Nf3 d5 7. a3 Bxc3+ 8. bxc3 O-O 9. Be2 dxc4 10. Bxc4 b6 11. O-O Bb7 12. Bb2 Na5 13. Be2 c4 14. Ne5 Rc8 15. Rad1 Qe8 16. Bc1 Be4 17. Qb2 Nd7 18. Nxd7 Qxd7 19. f3 Bc6 20. Rde1 f5 21. Bd1 Ba4 22. Bxa4 Qxa4 23. e4 f4 24. e5 Qb3 25. Qd2 Qb1 26. Re4 Nb3 27. Qe1 Qa1 28. Bxf4 Qxa3 29. Qg3 Rf7 30. Qh3 Re8 31. Bg5 Qf8 32. Qh5 h6 33. Bh4 Rf5 34. Qg4 Nd2 35. Rfe1 Nxe4 36. Rxe4 a5 37. Qg3 a4 38. Qe1 Rf4 39. Bg3 Rxe4 40. fxe4 a3 41. d5 a2 42. Qa1 Qa3 0-1